 Dungeon Crawl Stone Soup version 0.29.1-12-g30fa7ad0bf (webtiles) character file.

Game seed: 5318582983516552712

5821 Radix the Cleaver (level 10, -14/99 HPs)
             Began as a Minotaur Berserker on Jan 13, 2023.
             Was an Elder of Trog.
             Demolished by OhItsWolfy's ghost (18 damage)
             ... on level 9 of the Dungeon.
             The game lasted 00:22:34 (8945 turns).

Radix the Cleaver (Minotaur Berserker)              Turns: 8945, Time: 00:22:35

Health: -14/99     AC:  6    Str: 27    XL:     10   Next: 51%
Magic:  9/9        EV: 11    Int:  4    God:    Trog [****..]
Gold:   524        SH:  0    Dex:  9    Spells: 9/9 levels left

rFire   . . .      SeeInvis .   K - +0 war axe
rCold   . . .      Faith    .   (no shield)
rNeg    . . .      Spirit   .   j - +0 plate armour
rPois   +          Reflect  .   (helmet restricted)
rElec   .          Harm     .   n - scarf {+Inv}
rCorr   .          Rampage  .   S - +0 pair of gloves
Will    ++...                   F - +1 pair of boots
Stlth   ..........              (no amulet)
HPRegen 1.26/turn               e - +4 ring of evasion
MPRegen 0.11/turn               y - ring of poison resistance

@: strong-willed, corroded, on berserk cooldown, regenerating, slowed, studying
Throwing, very slow
A: horns 2, retaliatory headbutt
a: Renounce Religion, Evoke Invisibility, Berserk, Trog's Hand, Brothers in Arms


You were on level 9 of the Dungeon.
You worshipped Trog.
Trog was greatly pleased with you.
You visited 1 branch of the dungeon, and saw 9 of its levels.

You collected 524 gold pieces.

Inventory:

Hand Weapons
 a - a +0 hand axe
 K - a +0 war axe (weapon)
 N - a -1 demon whip of venom
Armour
 j - a +0 plate armour (worn)
 n - a scarf of invisibility (worn)
 D - a +1 pair of boots
 F - a +1 pair of boots (worn)
 S - a +0 pair of gloves (worn)
Jewellery
 e - a +4 ring of evasion (left hand)
 y - a ring of poison resistance (right hand)
 J - a ring of magical power
 P - a ring of resist corrosion
Wands
 v - a wand of light (8)
 C - a wand of polymorph (12)
 L - a wand of iceblast (4)
 O - a wand of charming (8)
 Q - a wand of flame (29)
Scrolls
 b - 11 scrolls of identify {unknown}
 d - 4 scrolls of fear {unknown}
 f - 5 scrolls of amnesia {unknown}
 g - 3 scrolls of vulnerability {unknown}
 k - 3 scrolls of enchant armour {unknown}
 m - 4 scrolls of silence {unknown}
 q - 3 scrolls of teleportation {unknown}
 t - a scroll of brand weapon {unknown}
 u - a scroll of poison {unknown}
 w - 4 scrolls of immolation {unknown}
 x - a scroll of torment {unknown}
 z - 3 scrolls of enchant weapon {unknown}
 A - 2 scrolls of blinking {unknown}
 E - a scroll of magic mapping {unknown}
 I - 3 scrolls of fog {unknown}
 R - a scroll of summoning {unknown}
Potions
 c - 4 potions of attraction {unknown}
 h - 5 potions of heal wounds {unknown}
 i - 3 potions of invisibility {unknown}
 l - 3 potions of flight {unknown}
 o - 2 potions of might {unknown}
 p - a potion of berserk rage {unknown}
 r - 4 potions of mutation {unknown}
 s - 2 potions of lignification {unknown}
 B - 4 potions of haste {unknown}
 G - 2 potions of magic {unknown}
 H - 2 potions of curing {unknown}
 M - a potion of degeneration {unknown}


   Skills:
 + Level 12.3 Fighting
 + Level 12.3 Axes
 + Level 10.5 Throwing
 - Level 2.4 Armour
 - Level 2.1 Dodging


You had 9 spell levels left.
You didn't know any spells.
Your spell library was empty.

Dungeon Overview and Level Annotations

Branches:
Dungeon (9/15)             Temple (0/1) D:6
   Lair: D:8-11         Orc: D:9-12

Altars:
Okawaru
Jiyva

Shops:
D:7 :

Annotations:
D:7 Joseph
D:9 OhItsWolfy's ghost, novice MfFi


Innate Abilities, Weirdness & Mutations

You have a pair of horns on your head.
You reflexively headbutt those who attack you in melee.


Message History

You hit the slime creature. You slash the slime creature!
You miss OhItsWolfy's ghost.
OhItsWolfy's ghost is lightly damaged.
You hit the slime creature. You slash the slime creature!
You kill the slime creature!
Trog accepts your kill. The slime creature hits you!
* * * LOW HITPOINT WARNING * * *
OhItsWolfy's ghost hits you.
* * * LOW HITPOINT WARNING * * *
You hit OhItsWolfy's ghost but do no damage.
OhItsWolfy's ghost is lightly damaged.
You slash the slime creature!
You kill the slime creature!
Trog accepts your kill.
You barely miss OhItsWolfy's ghost.
Your headbutt misses OhItsWolfy's ghost.
OhItsWolfy's ghost is lightly damaged.
OhItsWolfy's ghost hits you!
* * * LOW HITPOINT WARNING * * *
You completely miss OhItsWolfy's ghost.
OhItsWolfy's ghost is lightly damaged.
You hit the jelly.
Your hands burn!
* * * LOW HITPOINT WARNING * * *
OhItsWolfy's ghost hits you.
* * * LOW HITPOINT WARNING * * *
The jelly barely misses you.
You miss OhItsWolfy's ghost.
OhItsWolfy's ghost is lightly damaged.
You hit the jelly. The acid corrodes you!
Your hands burn!
* * * LOW HITPOINT WARNING * * *
You barely miss OhItsWolfy's ghost.
Your headbutt misses OhItsWolfy's ghost.
OhItsWolfy's ghost is lightly damaged.
You hit the jelly but do no damage.
Your hands burn!
* * * LOW HITPOINT WARNING * * *
You are no longer berserk.
You are exhausted.
You feel yourself slow down. OhItsWolfy's ghost hits you!!
You die...

....# #..# #..##........#
#... ....# #..#
#..##........# #...
....####..# #..##........#
#...
..........####..##.........
..... ................#
...... .....
..........####..##.....)
.....##...# #..........
.....##...# #..........
.....##...# #..@...###.
.....##...# ###JW'##
.....##...# #.....#
.....##...# .......#
.....##...# #.......# .#
##...##...# #.......##...#
##...##...#
##..)..###...#####
##...##...# ###!_$##
#........ ##...##...#
#.###### #........


You could see a jelly and OhItsWolfy's ghost.

Vanquished Creatures
  A two-headed ogre (D:9)
  Amaemon (D:8)
  An orange demon (D:8)
  2 slime creatures (D:9)
  Sigmund (D:5)
  2 wyverns
  4 yaks (D:9)
  A water moccasin (D:7)
  2 orc warriors (D:8)
  An ice beast (D:8)
  A black bear (D:6)
  A sky beast (D:7)
  An ogre (D:5)
  2 centaurs (D:6)
  2 kobold brigands (D:7)
  3 bullfrogs
  2 necrophages (D:5)
  4 scorpions
  10 killer bees
  5 howler monkeys (D:9)
  2 jellies (D:9)
  4 hounds
  2 gnoll boudas
  4 orc priests
  4 iguanas
  Terence (D:2)
  3 orc wizards
  12 gnolls
  7 adders
  An ufetubus (D:7)
  3 dart slugs
  23 orcs
  9 bats
  4 endoplasms
  3 giant cockroaches
  6 goblins
  7 hobgoblins
  11 jackals
  5 quokkas
  14 ball pythons
  3 frilled lizards (D:1)
  15 kobolds
  6 rats
196 creatures vanquished.

Notes
Turn   | Place    | Note
-------+----------+-------------------------------------------
     0 | D:1      | Radix the Minotaur Berserker began the quest for the Orb.
     0 | D:1      | Reached XP level 1. HP: 19/19 MP: 0/0
   186 | D:1      | Reached XP level 2. HP: 12/27 MP: 1/1
   363 | D:1      | Found a faded altar of an unknown god.
   683 | D:1      | Reached ** piety under Trog
   809 | D:1      | Reached XP level 3. HP: 34/34 MP: 2/2
  1136 | D:2      | Noticed Terence
  1142 | D:2      | Killed Terence
  1143 | D:2      | Reached XP level 4. HP: 38/41 MP: 3/3
  1147 | D:2      | Reached skill level 5 in Axes
  1184 | D:2      | Reached skill level 5 in Fighting
  2235 | D:4      | Reached XP level 5. HP: 34/48 MP: 4/4
  2436 | D:4      | Reached *** piety under Trog
  2803 | D:4      | Reached XP level 6. HP: 57/57 MP: 5/5
  3003 | D:5      | Entered Level 5 of the Dungeon
  3280 | D:5      | Noticed Sigmund
  3290 | D:5      | Killed Sigmund
  3291 | D:5      | Reached XP level 7. HP: 55/66 MP: 6/6
  4362 | D:6      | Found a staircase to the Ecumenical Temple.
  4405 | D:6      | Reached skill level 1 in Throwing
  4405 | D:6      | Reached XP level 8. HP: 71/75 MP: 7/7
  4522 | D:6      | Found an iron altar of Okawaru.
  5786 | D:7      | Reached **** piety under Trog
  5787 | D:7      | Reached skill level 5 in Throwing
  5871 | D:7      | Found Eduuh's Book Emporium.
  5871 | D:7      | Noticed Joseph
  6122 | D:7      | Reached skill level 10 in Fighting
  6122 | D:7      | Reached skill level 10 in Axes
  6122 | D:7      | Reached XP level 9. HP: 85/85 MP: 8/8
  6316 | D:8      | Noticed Amaemon
  6316 | D:8      | Noticed an orange demon
  6325 | D:8      | Killed an orange demon
  6337 | D:8      | Killed Amaemon
  7938 | D:9      | Reached XP level 10. HP: 79/96 MP: 9/9
  8419 | D:9      | Noticed a two-headed ogre
  8430 | D:9      | Killed a two-headed ogre
  8431 | D:9      | Reached skill level 10 in Throwing
  8920 | D:9      | Found a runed translucent gate.
  8921 | D:9      | Found a runed translucent gate.
  8921 | D:9      | Found a runed translucent gate.
  8922 | D:9      | Noticed OhItsWolfy's ghost (novice MfFi)
  8925 | D:9      | Found a viscous altar of Jiyva.
  8943 | D:9      | HP: 6/148 [acid (4)]
  8945 | D:9      | Demolished by OhItsWolfy's ghost

Illustrated notes

Levels and vault maps discovered:
D:1:      amcnicky_arrival_single_pillar, layout_loops_ring,
          shapermc_ecumenical_altar_rom_forum, st_stairs_8,
          kennysheep_pointless_box, minmay_pentomino_s2
D:2:      layout_rooms, kennysheep_generic_room_15, uniq_terence
D:3:      layout_loops_cross, hangedman_glass_teeth, nicolae_eternal_life
D:4:      layout_loops_ring, chequers_mini_garden
D:5:      layout_gridville, uniq_sigmund
D:6:      layout_basic, okawaru_gym_becter, minmay_temple_entry_offerings,
          minmay_manual_mares
D:7:      layout_cave_pools, serial_shops, nicolae_take_the_stairs, uniq_joseph
D:8:      layout_gridville, uniq_amaemon
D:9:      layout_long_grid, gammafunk_ghost_ooze

Skill      XL: |  1  2  3  4  5  6  7  8  9 10 |
---------------+-------------------------------+-----
Fighting       | 4 5 6 7 8 10 11 12 | 12.3
Axes           | 4 5 6 7 8 10 11 12 | 12.3
Throwing       | 1 5 9 10 | 10.5
Armour         | |  2.4
Dodging        | |  2.1

Action                   |  1- 3 |  4- 6 |  7- 9 | 10-12 || total
-------------------------+-------+-------+-------+-------++-------
Melee: Hand axe          |    84 |   128 |   151 |       ||   363
       Headbutt          |    10 |    16 |    40 |     9 ||    75
       War axe           |       |       |    99 |    61 ||   160
       Punch             |       |       |     3 |     1 ||     4
Invok: Trog's Hand       |       |       |     2 |     2 ||     4
       Berserk           |       |       |     1 |     2 ||     3
Armor: Plate armour      |    25 |    68 |   163 |    29 ||   285
       Animal skin       |     5 |       |       |       ||     5
Dodge: Dodged            |    59 |    73 |   163 |    31 ||   326
